AoeStats
← Kshulo

African Clearing

505531016Analyzed
4v4 RM · 23d ago on Sep 9, 2026· 44m 25s· 8 players
Game mode
Random Map
Map size
Large (8 player)
Population
200
Speed
Normal
Resources
Standard
Victory
Conquest
Starting age
Dark Age
Ending age
Imperial Age
RankedLock teamsTeams togetherTeam positionsShared explorationLock speedFull tech treeHidden civsTurbo modeCheats
Victory
Defeat
🇪🇸 Wei · Spain
1339
+15
🇮🇹 Hindustanis · Italy
1287
+17
🇫🇷 Shu · France
1287
+17
🇪🇸 Wu · Spain
1250
+18
🇨🇱 Japanese · Chile
1339
-19
🇺🇸 Bohemians · United States
1321
-17
🇨🇱 Portuguese · Chile
1297
-16
🇬🇧 Berbers · United Kingdom
1267
-15
Player2
4:21 Loom
14:14 Feudal Age
15:07 Town Watch
15:33 Double-Bit Axe
17:53 Castle Age
16:26 Stone Mining
17:24 Horse Collar
18:29 Gold Mining
20:58 Wheelbarrow
21:02 Scale Mail Armor
25:32 Squires
25:28 Arson
31:27 Fletching
32:17 Hand Cart
32:36 Bodkin Arrow
32:41 Padded Archer Armor
32:47 Padded Archer Armor
36:53 Thumb Ring
41:54 Ballistics
45:16 Imperial Age
Fuck*n Good
11:50 Loom
14:36 Feudal Age
16:13 Fletching
27:50 Castle Age
25:48 Double-Bit Axe
27:32 Horse Collar
27:53 Crossbowman
29:01 Bodkin Arrow
32:44 Wheelbarrow
32:36 Padded Archer Armor
39:19 Bow Saw
40:36 Heavy Plow
41:48 Hand Cart
|GaoeG| Tifus
3:06 Loom
12:25 Feudal Age
15:18 Fletching
17:19 Horse Collar
27:42 Castle Age
26:31 Scale Mail Armor
26:43 Double-Bit Axe
27:45 Forging
27:53 Pikeman
29:58 Squires
33:54 Chain Mail Armor
34:14 Iron Casting
42:09 Heavy Plow
|GaoeG| flamingo
9:54 Loom
11:56 Feudal Age
12:47 Double-Bit Axe
13:01 Horse Collar
13:43 Town Watch
15:45 Forging
19:34 Gold Mining
20:57 Bloodlines
22:05 Stone Mining
22:53 Wheelbarrow
28:21 Castle Age
28:03 Scale Barding Armor
29:23 Husbandry
29:46 Chain Barding Armor
29:52 Bow Saw
29:45 Heavy Plow
33:55 Hand Cart
36:01 Gold Shaft Mining
43:01 Imperial Age
41:15 Iron Casting
44:38 Ming Guang Armor
43:34 Elite Tiger Cavalry
44:35 Conscription
43:37 Heavy Hei Guang Cavalry
45:20 Blast Furnace
Papamaci
5:58 Loom
12:37 Feudal Age
21:06 Fletching
26:21 Double-Bit Axe
28:13 Wheelbarrow
28:02 Gold Mining
27:54 Horse Collar
30:56 Castle Age
30:30 Gold Mining
30:23 Horse Collar
38:52 Stone Mining
40:28 Heavy Plow
EverydayisSunday!
11:34 Loom
14:44 Feudal Age
16:21 Double-Bit Axe
18:56 Castle Age
17:13 Scale Mail Armor
17:04 Horse Collar
18:10 Scale Barding Armor
21:58 Bow Saw
28:01 Chain Barding Armor
38:45 Chemistry
38:45 Padded Archer Armor
40:56 Leather Archer Armor
Kshulo
5:33 Loom
12:46 Feudal Age
11:44 Loom
19:44 Scale Barding Armor
22:17 Double-Bit Axe
29:41 Castle Age
28:43 Fletching
28:53 Padded Archer Armor
30:38 Horse Collar
35:25 Crossbowman
36:08 Elite Skirmisher
41:13 Pikeman
PESCADO
6:58 Loom
15:15 Feudal Age
19:05 Castle Age
18:05 Double-Bit Axe
22:49 Bow Saw
24:29 Horse Collar
28:04 Wheelbarrow
29:19 Hand Cart
31:00 Forging
30:55 Scale Barding Armor
31:04 Town Watch
32:50 Scale Barding Armor
34:41 Fletching
35:27 Iron Casting
35:12 Chain Barding Armor
34:54 Scale Mail Armor
35:46 Town Patrol
35:38 Elite Skirmisher
36:23 Thumb Ring
36:28 Pikeman
36:55 Gambesons
37:11 Squires
36:58 Arson
41:03 Bodkin Arrow
41:10 Padded Archer Armor
41:33 Ballistics
Connection lost

Rejoining the realm…

Still unreachable

The connection could not be restored.

Session expired

The server has moved on; the page needs a fresh start.